 Dungeon Crawl Stone Soup version 0.25.1-4-g9407a263a5 (webtiles) character file.

Game seed: 11122717277981402247

7997 Clowwww the Cleaver (level 11, -13/83 HPs)
             Began as a Demonspawn Gladiator on Nov 27, 2020.
             Was a Priest of Ashenzari.
             Mangled by a naga warrior
             ... wielding a +0 trident
              (20 damage)
             ... on level 9 of the Dungeon.
             The game lasted 00:48:00 (8947 turns).

Clowwww the Cleaver (Demonspawn Gladiator)          Turns: 8947, Time: 00:48:03

Health: -13/83     AC: 11    Str: 24    XL:     11   Next: 4%
Magic:  11/11      EV: 13    Int:  9    God:    Ashenzari [***...]
Gold:   581        SH:  0    Dex: 21    Spells: 10/10 levels left

rFire    x . .     SeeInvis +   a - +9 great mace "Zumyreop" {speed, Dex+6} (curse)
rCold    + + .     Gourm    .   (shield currently unavailable)
rNeg     . . .     Faith    .   b - +0 leather armour
rPois    .         Spirit   .   G - +2 helmet (curse)
rElec    .         Reflect  .   (no cloak)
rCorr    .         Harm     .   c - +0 pair of gloves
MR       .....                  (no boots)
Stlth    +++.......             t - amulet of the acrobat
HPRegen  0.23/turn              B - +6 ring of strength (curse)
MPRegen  0.12/turn              e - ring of ice (curse)

@: constricted
A: talons 1, molten scales 2, cold resistance 1, powered by death 3
a: Curse Item, Scrying, Renounce Religion


You were on level 9 of the Dungeon.
You worshipped Ashenzari.
Ashenzari was most pleased with you.
You were not hungry.

You visited 2 branches of the dungeon, and saw 10 of its levels.
You also visited: Sewer and Ossuary.

You collected 581 gold pieces.

Inventory:

Hand Weapons
 a - the cursed +9 great mace "Zumyreop" (weapon) {speed, Dex+6}
   (You took it off an ogre on level 6 of the Dungeon)

   Attacks with this weapon are significantly faster.
   It affects your dexterity (+6).
   It has a curse placed upon it.
 F - a +2 hand axe of electrocution
Missiles
 d - a throwing net (quivered)
 A - 2 boomerangs
Armour
 b - a +0 leather armour (worn)
 c - a +0 pair of gloves (worn)
 y - a +0 buckler
 C - a +2 hat
 G - a cursed +2 helmet (worn)
Jewellery
 e - a cursed ring of ice (right hand)
 i - an uncursed amulet of faith
 t - an amulet of the acrobat (around neck)
 x - an uncursed ring of fire
 B - a cursed +6 ring of strength (left hand)
 D - an uncursed ring of wizardry
 K - an uncursed ring of stealth
Wands
 u - a wand of acid (7)
 w - a wand of polymorph (17)
 E - a wand of iceblast (6)
Scrolls
 j - 4 scrolls of fear
 k - 2 scrolls of immolation
 n - 4 scrolls of teleportation
 p - 3 scrolls of blinking
 s - a scroll of amnesia
 I - 2 scrolls of fog
 J - 2 scrolls of identify
Potions
 g - 4 potions of flight
 h - 4 potions of curing
 l - 3 potions of degeneration {unknown}
 m - 4 potions of stabbing
 o - a potion of brilliance {unknown}
 q - 4 potions of might {unknown}
 r - 5 potions of heal wounds
 v - 2 potions of lignification {unknown}
 z - 2 potions of cancellation {unknown}
 H - 2 potions of berserk rage {unknown}
Comestibles
 f - 12 rations
 L - 6 chunks of flesh


   Skills:
 + Level 6.9 Fighting
 + Level 8.5(10.0) Axes
 + Level 8.5(13.2) Maces & Flails
 + Level 2.5 Throwing
 + Level 4.6 Armour
 + Level 5.6 Dodging
 + Level 4.6 Stealth


You had 10 spell levels left.
You didn't know any spells.
Your spell library contained the following spells:

 Spells                   Type           Power        Failure   Level  Hunger
 Freeze                   Ice            #...         38%         1    ##.....
 Corpse Rot               Necr/Air       N/A          54%         2    ###....
 Sublimation of Blood     Necr           #.........   54%         2    ###....
 Frozen Ramparts          Ice            #.....       77%         3    ####...
 Ozocubu's Armour         Chrm/Ice       #.......     77%         3    ####...
 Dispel Undead            Necr           #.......     99%         4    #####..
 Hailstorm                Conj/Ice       #.......     99%         4    #####..
 Summon Ice Beast         Ice/Summ       #.......     99%         4    #####..
 Agony                    Necr           #.......     100%        5    ######.
 Excruciating Wounds      Chrm/Necr      #.........   100%        5    ######.


Dungeon Overview and Level Annotations

Branches:
Dungeon (9/15)             Temple (1/1) D:6            Lair (0/6) D:8
  Sewer (visited)         Ossuary (visited)
    Orc: D:9-12

Altars:
Ashenzari
Cheibriados
Dithmenos
Elyvilon
Fedhas
Gozag
Hepliaklqana
Kikubaaqudgha
Makhleb
Nemelex Xobeh
Okawaru
Qazlal
Ru
Sif Muna
Trog
Uskayaw
Vehumet
Wu Jian
Xom
Yredelemnul
Zin
The Shining One
Lugonu

Shops:
D:4 (


Innate Abilities, Weirdness & Mutations

You have sharp toenails.
You are mostly covered in molten scales. (AC +3)
Your flesh is cold resistant. (rC+)
You regenerate a lot of health from kills.


Message History

The naga warrior hits you with a +0 battleaxe!!
The naga warrior grabs you.
* * * LOW HITPOINT WARNING * * *
The naga warrior constricts you. The two-headed ogre misses you.
The two-headed ogre hits you with a +0 giant spiked club!!
* * * LOW HITPOINT WARNING * * *
You feel much better.
The naga warrior hits you from afar with a +0 trident!
* * * LOW HITPOINT WARNING * * *
The orc warrior hits you but does no damage.
The naga warrior hits you but does no damage.
* * * LOW HITPOINT WARNING * * *
The naga warrior constricts you.
You feel much better.
The two-headed ogre hits you with a +0 giant spiked club!
* * * LOW HITPOINT WARNING * * *
The two-headed ogre hits you with a +0 giant spiked club!
* * * LOW HITPOINT WARNING * * *
The naga warrior hits you from afar with a +0 trident!!
You die...

.##.#.# **# #** #...........
......# ####, ##.#.#......
_.....# ##♣__♣## #.#.#......
......# #......# #.#.####...
......# #♣.♣....♣# #.#.# ####
......# # #........###...#
##....## #>#..♣...♣.#o#...#
##.....# #.....o..♣###...#####
##.....# *♣.♣.♣N@O♣..♣#.......###
....##.###.♣..N..♣.♣..###........
######.#>...♣..........>#.###.###
######.#▓##############▓#........
..........................##.###.
.......................>.....# #.
........###################..###.
######### #...... #.....#


You could see 2 naga warriors, a two-headed ogre and an orc warrior.

Vanquished Creatures
  A hydra (D:8)
  An unseen horror (D:9)
  The ghost of Cazemata the Cleaver, a novice MiBe of Trog (D:6)
  A freezing wraith (D:8)
  A troll (D:8)
  A slime creature (D:8)
  Sigmund (D:5)
  A wyvern (D:8)
  Eustachio (D:4)
  2 wargs (D:8)
  A water moccasin (D:9)
  Duvessa (D:5)
  A black bear (D:4)
  3 orc warriors
  3 ice beasts
  A sky beast (D:3)
  10 ogres
  A necrophage (D:8)
  4 centaurs
  A big kobold (D:7)
  An elf zombie (Ossuary)
  3 bullfrogs
  A wyvern zombie (D:9)
  Dowan (D:5)
  2 scorpions
  A wight (D:8)
  9 killer bees
  A howler monkey (D:4)
  5 crimson imps
  A bullfrog zombie (D:9)
  5 centaur zombies
  3 jellies
  A gnoll shaman (D:6)
  5 hounds
  5 orc priests
  5 bullfrog skeletons
  7 orc wizards
  3 iguanas
  5 worker ants
  A big kobold zombie (Ossuary)
  2 ogre zombies (Ossuary)
  A hound skeleton (D:7)
  A howler monkey zombie (D:8)
  7 mummies (Ossuary)
  9 gnolls
  12 adders
  2 river rats (Sewer)
  7 adder zombies
  4 worms
  5 dart slugs
  A leopard gecko (D:1)
  23 orcs
  9 ball pythons
  10 giant cockroaches
  6 goblins
  10 hobgoblins
  8 jackals
  10 kobolds
  4 quokkas
  10 bats
  10 frilled lizards
  4 goblin zombies (Ossuary)
  6 hobgoblin zombies (Ossuary)
  2 kobold zombies (Ossuary)
  An orc zombie (Ossuary)
  A quokka zombie (Ossuary)
  9 rats
  A rat zombie (Ossuary)
  2 butterflies (D:6)
279 creatures vanquished.

Notes
Turn   | Place    | Note
-------+----------+-------------------------------------------
     0 | D:1      | Clowwww the Demonspawn Gladiator began the quest for the
                  | Orb.
     0 | D:1      | Reached XP level 1. HP: 16/16 MP: 1/1
   137 | D:1      | Gained mutation: You have sharp toenails. [demonic
                  | ancestry]
   137 | D:1      | Reached XP level 2. HP: 16/22 MP: 2/2
   878 | D:2      | Found a basalt altar of Yredelemnul.
   981 | D:2      | Gained mutation: Your flesh is cold resistant. (rC+)
                  | [demonic ancestry]
   981 | D:2      | Reached XP level 3. HP: 27/27 MP: 3/3
  1475 | D:3      | Gained mutation: You are partially covered in molten
                  | scales. (AC +2) [demonic ancestry]
  1475 | D:3      | Reached XP level 4. HP: 30/34 MP: 4/4
  1538 | D:3      | Noticed a sky beast
  1540 | D:3      | Reached skill level 1 in Armour
  1555 | D:3      | Killed a sky beast
  1555 | D:3      | Reached XP level 5. HP: 16/39 MP: 5/5
  2415 | D:4      | Gained mutation: You regenerate a little health from kills.
                  | [demonic ancestry]
  2415 | D:4      | Reached XP level 6. HP: 39/46 MP: 6/6
  2522 | D:4      | Found a glowing drain.
  2531 | D:4      | Reached skill level 5 in Axes
  2535 | Sewer    | Entered a sewer
  3124 | D:4      | Noticed Eustachio
  3158 | D:4      | Killed Eustachio
  3158 | D:4      | Reached skill level 1 in Stealth
  3158 | D:4      | Reached XP level 7. HP: 33/52 MP: 7/7
  3522 | D:4      | Found Ixamp's Antique Weapon Shop.
  3924 | D:5      | Entered Level 5 of the Dungeon
  4006 | D:5      | Noticed Sigmund
  4032 | D:5      | Killed Sigmund
  4244 | D:5      | Noticed Dowan
  4245 | D:5      | Noticed Duvessa
  4265 | D:5      | Killed Duvessa
  4270 | D:5      | Killed Dowan
  4270 | D:5      | Gained mutation: You regenerate health from kills. [demonic
                  | ancestry]
  4270 | D:5      | Reached XP level 8. HP: 32/60 MP: 8/8
  4904 | D:6      | Found a staircase to the Ecumenical Temple.
  5062 | Temple   | Entered the Ecumenical Temple
  5172 | Temple   | Became a worshipper of Ashenzari the Shackled
  5243 | D:6      | Noticed Cazemata's ghost (novice MiBe)
  5254 | D:6      | Found a transporter.
  5266 | D:6      | Found a transporter.
  5266 | D:6      | Identified the +9 great mace "Zumyreop" {speed, Dex+6}
  5341 | D:6      | Found a runed translucent door.
  5363 | D:6      | Found a runed translucent door.
  5573 | D:6      | Found a snail-covered altar of Cheibriados.
  6118 | D:6      | Killed Cazemata's ghost
  6118 | D:6      | Reached skill level 5 in Fighting
  6118 | D:6      | Reached XP level 9. HP: 32/68 MP: 9/9
  6364 | D:7      | Reached skill level 5 in Dodging
  6465 | D:7      | Reached * piety under Ashenzari
  6492 | D:7      | Reached skill level 1 in Maces & Flails
  7392 | D:8      | Found a staircase to the Lair.
  7470 | D:8      | Found a sand-covered staircase.
  7475 | Ossuary  | Entered an ossuary
  7658 | Ossuary  | Reached skill level 5 in Maces & Flails
  7661 | Ossuary  | Reached ** piety under Ashenzari
  7743 | Ossuary  | Gained mutation: You regenerate a lot of health from kills.
                  | [demonic ancestry]
  7743 | Ossuary  | Reached XP level 10. HP: 74/76 MP: 10/10
  8107 | D:8      | Found a shimmering altar of Xom.
  8192 | D:8      | Found a large runed translucent door.
  8192 | D:8      | Found a large runed translucent door.
  8217 | D:8      | Found a large runed translucent door.
  8217 | D:8      | Found a large runed translucent door.
  8249 | D:8      | Noticed a four-headed hydra
  8257 | D:8      | Killed a four-headed hydra
  8609 | D:9      | Noticed a two-headed ogre
  8650 | D:9      | Killed an unseen horror
  8758 | D:9      | Gained mutation: You are mostly covered in molten scales.
                  | (AC +3) [demonic ancestry]
  8758 | D:9      | Reached XP level 11. HP: 79/83 MP: 11/11
  8807 | D:9      | Reached *** piety under Ashenzari
  8815 | D:9      | Found an opulent altar of Gozag.
  8818 | D:9      | Found a blossoming altar of Fedhas.
  8820 | D:9      | Found a bloodstained altar of Trog.
  8820 | D:9      | Found a burning altar of Makhleb.
  8831 | D:9      | Found an iron altar of Okawaru.
  8832 | D:9      | Found a glowing golden altar of the Shining One.
  8833 | D:9      | Found a hide-covered altar of Uskayaw.
  8836 | D:9      | Found a shadowy altar of Dithmenos.
  8909 | D:9      | Noticed a naga warrior
  8910 | D:9      | Found a large runed translucent door.
  8911 | D:9      | Found a large runed translucent door.
  8920 | D:9      | Noticed a naga warrior
  8933 | D:9      | Found an iron altar of Okawaru.
  8933 | D:9      | Found an iron altar of Okawaru.
  8945 | D:9      | HP: 1/83 [two-headed ogre/+0 giant spiked club (22)]
  8947 | D:9      | Mangled by a naga warrior

Illustrated notes

Levels and vault maps discovered:
D:1:      tarquinn_simple_flora_water_c, layout_loops_cross
D:2:      layout_rooms, yredelemnul_altar_generic
D:3:      layout_loops_ring
D:4:      black_bear_nest_1, layout_basic, first_ration, serial_shops,
          shop_fountains, portal_sewer_entry_a, uniq_eustachio
D:5:      layout_basic, st_stairs_14, corexii_item_surrounded_by_moat,
          chequers_jeans, chequers_mini_garden, uniq_sigmund, uniq_duvessa
D:6:      lemuel_insect_pit, layout_rooms, slow_altar_1,
          minmay_temple_entry_sparse_star, gammafunk_ghost_smash
D:7:      lemuel_upstairs_altar, layout_basic
D:8:      layout_loops_ring, kennysheep_mini, erik_lair_orcish_takeover,
          enter_ossuary_2, minmay_hollow_rounded_squares
D:9:      okawaru_arena_lexackson, layout_basic, grunt_temple_overflow_open
Temple:   kb_corrupted_temple

Skill      XL: |  1  2  3  4  5  6  7  8  9 10 |
---------------+-------------------------------+-----
Axes           | 3 4 5 6 8 |  8.5
Dodging        | 3 4 5 |  5.6
Armour         | 1 2 3 4 |  4.6
Fighting       | 3 4 5 6 |  6.9
Throwing       | 2 |  2.5
Stealth        | 1 2 3 4 |  4.6
Maces & Flails | 5 8 |  8.5

Action                   |  1- 3 |  4- 6 |  7- 9 | 10-12 || total
-------------------------+-------+-------+-------+-------++-------
Melee: War axe           |    95 |   165 |   101 |       ||   361
       Kick              |    20 |    27 |    97 |    53 ||   197
       Hand axe          |       |       |    64 |       ||    64
       Great mace        |       |       |   129 |   147 ||   276
Throw: Throwing net      |       |     4 |     3 |       ||     7
       Boomerang         |       |       |     2 |       ||     2
Invok: Curse Item        |       |       |     5 |       ||     5
  Use: Scroll            |       |     4 |    12 |     4 ||    20
       Potion            |       |     2 |     3 |     2 ||     7
 Stab: Sleeping          |     1 |     2 |    16 |     4 ||    23
       Held in net/web   |       |     2 |       |       ||     2
       Distracted        |       |       |     1 |       ||     1
  Eat: Chunk             |     2 |     5 |    10 |     2 ||    19
       Ration            |       |       |     2 |       ||     2
Armor: Leather armour    |    33 |    61 |    42 |    36 ||   172
Dodge: Dodged            |    76 |   126 |   218 |   128 ||   548
